 Dungeon Crawl Stone Soup version 0.21-a0-552-g593960d (webtiles) character file.

74271 Firecrotchwizard the Grappler (level 15, -3/152 HPs)
             Began as a Troll Fighter on Dec 18, 2017.
             Was a High Priest of Qazlal.
             Slain by an orc knight
             ... wielding a +0 bardiche
              (32 damage)
             ... on level 2 of the Orcish Mines.
             The game lasted 00:47:54 (22398 turns).

Firecrotchwizard the Grappler (Troll Fighter)      Turns: 22398, Time: 00:47:55

Health: -3/152     AC: 10    Str: 28    XL:     15   Next: 6%
Magic:  0/31       EV: 13    Int:  4    God:    Qazlal [*****.]
Gold:   2112       SH: 21    Dex: 14    Spells: 14/14 levels left

rFire    . . .     SeeInvis .     - Unarmed
rCold    + . .     Gourm    +   b - +2 shield
rNeg     . . .     Faith    .   x - +2 robe {rC+}
rPois    +         Spirit   +   (helmet restricted)
rElec    .         Reflect  .   (no cloak)
rCorr    .         Harm     .   (gloves unavailable)
MR       +....                  (boots unavailable)
Stlth    +.........             J - amulet of guardian spirit {Spirit}
HPRegen  0.75/turn              T - ring of poison resistance {rPois, !d}
MPRegen  0.22/turn              w - ring of magical power {MP+9}

@: protected from physical damage, studying Maces & Flails, repel missiles
A: large, unfitting armour, claws 3, fast metabolism 3, gourmand, regeneration
1, shaggy fur 1, tough skin 2
a: Upheaval, Elemental Force, Disaster Area, Renounce Religion


You were on level 2 of the Orcish Mines.
You worshipped Qazlal.
Qazlal was extremely pleased with you.
You were completely stuffed.

You visited 3 branches of the dungeon, and saw 20 of its levels.
You also visited: Ice Cave.

You collected 2112 gold pieces.

Inventory:

Hand Weapons
 k - a +2 blowgun
   (You took it off Sonja on level 2 of the Lair of Beasts)
Missiles
 e - 5 curare-tipped needles
 u - a throwing net {=f, !d}
Armour
 b - a +2 shield (worn)
 x - a +2 robe of cold resistance (worn)
   (You took it off an orc wizard on level 6 of the Dungeon)
Magical Staves
 Z - an uncursed staff of cold {unknown}
   (You found it in an ice cave)
Jewellery
 n - an uncursed ring of fire {rF+, rC-}
   (You found it on level 9 of the Dungeon)
 w - a ring of magical power (right claw) {MP+9}
   (You found it on level 6 of the Dungeon)
 J - an amulet of guardian spirit (around neck) {Spirit}
   (You found it on level 2 of the Lair of Beasts)
 R - an uncursed ring of ice {rC+, rF-}
   (You found it on level 4 of the Lair of Beasts)
 T - a ring of poison resistance (left claw) {rPois, !d}
   (You found it on level 11 of the Dungeon)
 Y - an uncursed ring of ice {rC+, rF-}
   (You found it in an ice cave)
Wands
 f - a wand of flame (16)
   (You found it on level 3 of the Lair of Beasts)
 t - a wand of iceblast (13)
   (You found it on level 3 of the Dungeon)
 B - a wand of clouds (4)
   (You found it on level 2 of the Lair of Beasts)
 D - a wand of disintegration (21)
   (You found it on level 9 of the Dungeon)
 E - a wand of random effects (23)
   (You found it on level 9 of the Dungeon)
 F - a wand of digging (34)
   (You found it on level 1 of the Lair of Beasts)
 H - a wand of scattershot (5)
   (You took it off a wight on level 10 of the Dungeon)
 O - a wand of paralysis (10)
   (You found it on level 4 of the Lair of Beasts)
 Q - a wand of polymorph (10)
   (You found it on level 6 of the Lair of Beasts)
 V - a wand of enslavement (12)
   (You found it on level 11 of the Dungeon)
Scrolls
 j - 4 scrolls of fog
 l - 12 scrolls of teleportation
 q - 5 scrolls of identify
 y - 2 scrolls of amnesia
 z - 3 scrolls of fear
 I - 7 scrolls of remove curse
 L - 2 scrolls of enchant armour
 P - a scroll of enchant weapon
Potions
 c - 7 potions of might
 m - 3 potions of resistance {unknown}
 o - 6 potions of brilliance
 r - 5 potions of lignification {!q}
 s - 7 potions of flight
 A - a potion of berserk rage {unknown}
 C - a potion of mutation {unknown}
 G - a potion of cancellation {unknown}
 M - a potion of ambrosia {unknown}
 U - a potion of agility
 W - a potion of degeneration {unknown}
Books
 v - a manual of Maces & Flails {!d}
   (You found it on level 1 of the Lair of Beasts)
 S - a book of the Dragon
   (You found it in an ice cave)
 X - a book of Ice
   (You found it in an ice cave)
Miscellaneous
 g - a phantom mirror
Comestibles
 a - 5 fruits
 d - 13 bread rations {@e1}
 h - 9 meat rations {@e2}
 i - 21 royal jellies
 p - 8 chunks of flesh {@w0}


   Skills:
 + Level 10.8 Fighting
 + Level 10.5 Armour
 + Level 6.2 Dodging
 - Level 9.0 Shields
 * Level 11.7 Unarmed Combat
 + Level 11.4 Invocations


You had 14 spell levels left.
You didn't know any spells.

Dungeon Overview and Level Annotations

Branches:
Dungeon (12/15)            Temple (0/1) D:5            Lair (6/6) D:9
  Swamp (0/4) Lair:3        Snake (0/4) Lair:2        Slime (0/5) Lair:6
    Orc (2/2) D:10            Elf (0/3) Orc:2

Altars:
Dithmenos
Fedhas
Gozag
Makhleb
Nemelex Xobeh
Okawaru
Qazlal
Sif Muna
Trog
Wu Jian
Xom
Yredelemnul
The Shining One
Jiyva

Shops:
D:8 !   D:10 [   D:11 }*=

Annotations:
D:3 Jessica
Lair:6 1 runed door


Innate Abilities, Weirdness & Mutations

You are too large for most types of armour.
You have claws for hands.
Your metabolism is lightning-fast.
You like to eat raw meat.
Your natural rate of healing is unusually fast.
You are covered in fur. (AC +1)
You have very tough skin. (AC +2)


Message History

The orc knight hits you with a great sword!!
You feel more protected from physical attacks.
You take 24 damage, and have 85/152 hp.
You now have 18/31 mp.
You claw the orc knight!
The orc priest calls upon Beogh to heal the orc knight.
The orc knight is healed somewhat.
You scratch the orc knight but do no damage.
You hear a shout!
You block the orc knight's attack. x2
You closely miss the orc knight.
The orc high priest mumbles some strange prayers to Beogh.
The orc priest calls upon Beogh to heal the orc knight.
The orc knight is healed somewhat.
An orc warrior comes into view. It is wielding a short sword.
You claw the orc knight!
You hear a shout! x2
The orc knight hits you with a great sword!!
You feel more protected from physical attacks.
The orc high priest prays.
The orc knight is engulfed in freezing vapours.
You block the orc knight's attack.
An orc wizard comes into view. It is wielding a dagger.
You take 18 damage, and have 68/152 hp.
You now have 15/31 mp.
Okay, then.
Unknown command.
The orc priest is engulfed in freezing vapours.
You kill the orc priest!
Qazlal accepts your kill.
You scratch the orc knight but do no damage.
You hear a shout! x2
The orc knight is engulfed in freezing vapours.
You block the orc knight's attack.
An orc priest comes into view. It is wielding an enchanted hand axe.
You hear a shout!
The orc knight hits you with a bardiche!!
You feel more protected from physical attacks.
The orc high priest is engulfed in blazing flames.
You block the orc high priest's attack.
You take 16 damage, and have 53/152 hp.
You now have 11/31 mp.
You claw the orc knight! You block the orc knight's attack.
You claw the orc knight!
The orc high priest is engulfed in blazing flames.
The orc high priest calls upon Beogh to heal the orc knight.
The orc knight is healed somewhat.
The orc knight hits you with a bardiche!!
* * * LOW HITPOINT WARNING * * *
You take 25 damage, and have 29/152 hp.
You now have 6/31 mp.
You closely miss the orc knight.
The orc high priest no longer looks unusually strong.
The orc knight hits you with a great sword!!
* * * LOW HITPOINT WARNING * * *
You feel more protected from physical attacks.
The orc high priest is engulfed in blazing flames.
The orc high priest prays to Beogh.
You take 24 damage, and have 5/152 hp.
You now have 2/31 mp.
You don't have enough magic at the moment.
You feel much better. The orc knight barely misses you.
The orc high priest is engulfed in blazing flames.
You block the orc high priest's attack.
The orc knight hits you with a great sword!
* * * LOW HITPOINT WARNING * * *
You feel more protected from physical attacks.
You block the ice devil's attack.
You regained 9 hp, and now have 14/152 hp.
You now have 1/31 mp.
You feel much better.
You hear a shout! x2
The orc wizard no longer looks unusually strong.
The orc high priest is engulfed in blazing flames.
You block the orc high priest's attack.
The orc knight roars a battlecry!
The orcs go into a battle-frenzy!
You block the ice devil's attack.
The orc knight hits you with a great sword!!
* * * LOW HITPOINT WARNING * * *
You take 1 damage, and have 13/152 hp.
You now have 0/31 mp.
You feel better.
You hear a shout!
The orc wizard no longer looks unusually strong.
You block the orc warrior's attack.
The orc knight is engulfed in blazing flames.
You block the orc knight's attack.
The orc high priest hits you but does no damage.
The ice devil barely misses you.
You regained 7 hp, and now have 20/152 hp.
You feel better.
You hear a shout!
You block the orc knight's attack.
The orc warrior hits you but does no damage.
The orc high priest mumbles some strange prayers to Beogh against you.
You resist with significant effort. The ice devil misses you.
You regained 9 hp, and now have 29/152 hp.
You closely miss the orc knight.
The smoke demon is engulfed in blazing flames.
You block the smoke demon's attack.
The smoke demon hits you but does no damage.
You block the smoke demon's attack.
The orc knight is engulfed in blazing flames.
The orc knight hits you with a bardiche!!
You die...

.....................#
.......................
#.......................
.........#..............
#.......#.....$.........
#...............))).....
#................§.....
##...#..........)3§.....
#.#............o@4§.....
...............ooo......
#...............o§§.....
......###########o######
#.#...# o# ##....# ..
##...# .## #...# .#
#...#


You could see 2 orc knights, an orc high priest, an ice devil, a smoke demon, an
orc warrior, an orc priest and 2 orc wizards.

Vanquished Creatures
  A frost giant (IceCv)
  Harold (Lair:1)
  3 hydras
  6 two-headed ogres
  8 death yaks
  Sonja (Lair:2)
  The ghost of THUG4L1F3 the Digger, a novice GrEE of Vehumet (D:10)
  A wolf spider (Lair:4)
  2 orc sorcerers
  6 elephants (Lair:3)
  Joseph (Lair:1)
  A centaur zombie (D:10)
  An ice statue (IceCv)
  6 black mambas
  31 spiny frogs
  2 rime drakes
  2 ice devils (D:11)
  11 komodo dragons
  3 trolls
  A queen bee (Lair:2)
  18 polar bears (IceCv)
  5 tyrant leeches
  A hornet (Lair:4)
  Grinder (D:3)
  8 dream sheep
  38 blink frogs
  9 hippogriffs
  A shadow (D:12)
  2 wraiths (D:11)
  61 yaks
  A basilisk (Lair:4)
  4 wyverns
  Grum (Lair:1)
  Eustachio (D:5)
  6 vampire mosquitoes (Lair:6)
  3 swamp worms
  A soldier ant (D:11)
  3 nagas (Lair:2)
  16 water moccasins
  10 orc warriors
  10 porcupines
  3 ice beasts
  A necrophage (D:7)
  11 ogres
  2 black bears
  An eye of draining (D:11)
  A sky beast (D:9)
  13 wolves
  6 centaurs
  15 crocodiles
  2 big kobolds
  28 bullfrogs
  A gnoll sergeant (D:10)
  3 scorpions
  29 killer bees
  8 wights
  An electric eel (Lair:6)
  3 howler monkeys
  4 crimson imps
  A bullfrog zombie (D:9)
  6 hounds
  A quasit (D:11)
  A jelly (D:5)
  11 orc priests
  A bullfrog skeleton (D:5)
  20 orc wizards
  3 centaur skeletons
  An iguana (D:10)
  Natasha (thrice) (D:2)
  7 worker ants
  Terence (D:3)
  A killer bee zombie (D:7)
  2 hound skeletons
  A hound zombie (D:7)
  A worker ant zombie (D:9)
  2 howler monkey zombies
  16 gnolls
  23 adders
  A shadow imp (D:5)
  3 oozes (D:2)
  4 adder skeletons
  An adder zombie (D:5)
  5 worms
  3 dart slugs
  6 leopard geckos
  44 orcs
  9 bats
  2 giant cockroaches
  14 goblins
  7 hobgoblins
  11 jackals
  6 quokkas
  3 ball pythons
  3 frilled lizards
  2 jackal skeletons
  15 kobolds
  A quokka skeleton (D:5)
  12 rats
  A plant (Lair:4)
676 creatures vanquished.

Vanquished Creatures (others)
  A polar bear (IceCv)
  2 yaks (IceCv)
  4 wolves (IceCv)
  A bush (Lair:6)
  33 fungi
  87 plants
128 creatures vanquished.

Grand Total: 804 creatures vanquished

Notes
Turn   | Place    | Note
-------+----------+-------------------------------------------
     0 | D:1      | Firecrotchwizard the Troll Fighter began the quest for the Orb.
     0 | D:1      | Reached XP level 1. HP: 22/22 MP: 0/0
   177 | D:1      | Reached XP level 2. HP: 29/29 MP: 1/1
   188 | D:1      | Reached skill level 3 in Unarmed Combat
   373 | D:1      | Reached XP level 3. HP: 32/36 MP: 2/2
   625 | D:2      | Noticed Natasha
   628 | D:2      | Killed Natasha
   628 | D:2      | Reached skill level 4 in Unarmed Combat
   628 | D:2      | Reached XP level 4. HP: 44/44 MP: 3/3
   682 | D:2      | Noticed Natasha
   696 | D:2      | Killed Natasha
   712 | D:2      | Reached skill level 5 in Unarmed Combat
   823 | D:2      | Reached XP level 5. HP: 50/50 MP: 4/4
   829 | D:2      | Noticed Natasha
   834 | D:2      | Killed Natasha
   950 | D:2      | Found a sparkling altar of Nemelex Xobeh.
  1354 | D:3      | Noticed Grinder
  1354 | D:3      | Paralysed by Grinder for 3 turns
  1372 | D:3      | Killed Grinder
  1372 | D:3      | Reached skill level 7 in Unarmed Combat
  1372 | D:3      | Reached XP level 6. HP: 40/59 MP: 5/5
  1411 | D:3      | Noticed Jessica
  1481 | D:3      | Found a deep blue altar of Sif Muna.
  1704 | D:3      | Found an ornate altar of the Wu Jian Council.
  2128 | D:3      | Found a stormy altar of Qazlal.
  2170 | D:3      | Became a worshipper of Qazlal Stormbringer
  2205 | D:3      | Noticed Terence
  2208 | D:3      | Killed Terence
  2617 | D:4      | Reached XP level 7. HP: 44/66 MP: 6/6
  2689 | D:4      | Reached skill level 8 in Unarmed Combat
  2929 | D:5      | Entered Level 5 of the Dungeon
  3169 | D:4      | Reached skill level 9 in Unarmed Combat
  3567 | D:5      | Reached XP level 8. HP: 74/74 MP: 7/7
  3584 | D:5      | Noticed Eustachio
  3622 | D:5      | Killed Eustachio
  3622 | D:5      | Reached * piety under Qazlal
  3622 | D:5      | Reached skill level 10 in Unarmed Combat
  3778 | D:5      | Found an iron altar of Okawaru.
  3784 | D:5      | Found a bloodstained altar of Trog.
  3784 | D:5      | Found a basalt altar of Yredelemnul.
  4044 | D:5      | Found a staircase to the Ecumenical Temple.
  4145 | D:6      | Reached skill level 1 in Invocations
  4157 | D:6      | Found an opulent altar of Gozag.
  4161 | D:6      | Reached skill level 1 in Armour
  4195 | D:6      | Reached skill level 3 in Shields
  4241 | D:6      | Found a blossoming altar of Fedhas.
  4261 | D:6      | Found a glowing golden altar of the Shining One.
  4269 | D:6      | Reached skill level 3 in Fighting
  4720 | D:6      | Reached skill level 2 in Invocations
  4796 | D:6      | Reached skill level 2 in Armour
  4991 | D:7      | Noticed a hippogriff
  4999 | D:7      | HP: 15/75 [hippogriff (7)]
  4999 | D:7      | HP: 5/75 [hippogriff (6)]
  5000 | D:7      | Killed a hippogriff
  5000 | D:7      | Reached XP level 9. HP: 6/83 MP: 9/9
  5005 | D:7      | HP: 4/83 [poisoned by an adder]
  5012 | D:7      | HP: 6/83 [poisoned by an adder]
  5020 | D:6      | HP: 10/83 [poisoned by an adder]
  5306 | D:7      | Reached skill level 3 in Invocations
  5343 | D:7      | Reached skill level 4 in Shields
  5357 | D:7      | Reached skill level 4 in Fighting
  5357 | D:7      | Reached skill level 3 in Armour
  5383 | D:7      | Reached ** piety under Qazlal
  5562 | D:7      | Noticed a two-headed ogre
  5567 | D:7      | HP: 17/84 [two-headed ogre/giant spiked club (9)]
  5570 | D:7      | Killed a two-headed ogre
  5570 | D:7      | Reached skill level 4 in Invocations
  5709 | D:7      | Found a shimmering altar of Xom.
  5711 | D:7      | Found a shimmering altar of Xom.
  5711 | D:7      | Found a shimmering altar of Xom.
  5712 | D:7      | Found a shimmering altar of Xom.
  5712 | D:7      | Found a shimmering altar of Xom.
  5713 | D:7      | Found a shimmering altar of Xom.
  5915 | D:7      | Reached skill level 4 in Armour
  6066 | D:8      | Reached skill level 5 in Shields
  6114 | D:8      | Reached XP level 10. HP: 84/94 MP: 12/12
  6125 | D:8      | Reached skill level 5 in Fighting
  6439 | D:8      | Found Aduvicse's Distillery.
  6620 | D:8      | Found the +7 longbow "Piercer" {penet, EV-2}
  6626 | D:8      | Noticed a two-headed ogre
  6631 | D:8      | Killed a two-headed ogre
  6631 | D:8      | Reached skill level 5 in Invocations
  6787 | D:8      | Found a burning altar of Makhleb.
  7126 | D:9      | Reached skill level 5 in Armour
  7594 | D:9      | Reached skill level 6 in Shields
  7597 | D:9      | Reached skill level 6 in Fighting
  7653 | D:9      | Found a staircase to the Lair.
  7849 | D:9      | Found a shadowy altar of Dithmenos.
  8070 | D:9      | Reached skill level 6 in Invocations
  8344 | D:10     | Entered Level 10 of the Dungeon
  8378 | D:10     | Found a staircase to the Orcish Mines.
  8388 | D:10     | Noticed THUG4L1F3's ghost (novice GrEE)
  8390 | D:10     | Reached *** piety under Qazlal
  8395 | D:10     | HP: 21/98 [gnoll/whip (12)]
  8542 | D:10     | Killed THUG4L1F3's ghost
  8542 | D:10     | Reached XP level 11. HP: 76/106 MP: 14/14
  8659 | D:10     | Noticed a two-headed ogre
  8663 | D:10     | Killed a two-headed ogre
  8721 | D:10     | Noticed a two-headed ogre
  8726 | D:10     | Killed a two-headed ogre
  8726 | D:10     | Reached skill level 6 in Armour
  9013 | D:10     | Found Naujuik's Armour Shoppe.
  9286 | Lair:1   | Entered Level 1 of the Lair of Beasts
  9288 | Lair:1   | Noticed Joseph
  9309 | Lair:1   | Killed Joseph
  9309 | Lair:1   | Reached skill level 7 in Invocations
  9380 | Lair:1   | Reached skill level 7 in Fighting
  9380 | Lair:1   | Reached skill level 7 in Shields
  9704 | Lair:1   | Noticed Harold
  9723 | Lair:1   | Killed Harold
  9723 | Lair:1   | HP: 21/109 [blink frog (18)]
  9733 | Lair:1   | HP: 22/109 [blink frog (9)]
  9735 | Lair:1   | Reached skill level 7 in Armour
  9738 | Lair:1   | HP: 20/109 [poisoned by a water moccasin]
  9740 | Lair:1   | HP: 6/109 [blink frog (15)]
  9749 | Lair:1   | Reached **** piety under Qazlal
  9749 | Lair:1   | HP: 9/109 [crocodile (6)]
  9754 | Lair:1   | HP: 11/109 [crocodile (1)]
  9876 | Lair:1   | Reached XP level 12. HP: 100/118 MP: 16/16
 10068 | Lair:1   | Noticed Grum
 10077 | Lair:1   | Killed Grum
 10517 | Lair:2   | Reached skill level 8 in Invocations
 10568 | Lair:2   | Noticed Sonja
 10688 | Lair:2   | Killed Sonja
 10775 | Lair:2   | Found a staircase to the Snake Pit.
 10816 | Lair:2   | Reached skill level 8 in Shields
 10856 | Lair:2   | Reached skill level 8 in Fighting
 11009 | Lair:2   | HP: 25/119 [killer bee (8)]
 11012 | Lair:2   | HP: 2/119 [suicidal targeting (19)]
 11017 | Lair:2   | HP: 28/119 [poisoned by a killer bee]
 11022 | Lair:2   | HP: 22/119 [poisoned by a killer bee]
 11025 | Lair:2   | HP: 8/119 [killer bee (5)]
 11030 | Lair:2   | HP: 7/119 [poisoned by a killer bee]
 11035 | Lair:2   | HP: 7/119 [poisoned by a killer bee]
 11042 | Lair:2   | HP: 9/119 [poisoned by a killer bee]
 11049 | Lair:2   | HP: 12/119 [poisoned by a killer bee]
 11056 | Lair:2   | HP: 10/119 [bullfrog (5)]
 11917 | Lair:3   | HP: 20/120 [elephant (16)]
 11920 | Lair:3   | HP: 6/120 [elephant (15)]
 11939 | Lair:3   | HP: 9/120 [elephant (5)]
 12244 | Lair:3   | Reached skill level 8 in Armour
 12431 | Lair:3   | Reached skill level 9 in Invocations
 12446 | Lair:3   | HP: 26/122 [elephant (7)]
 12452 | Lair:3   | HP: 28/122 [crocodile (2)]
 13441 | Lair:3   | Found a staircase to the Swamp.
 13759 | Lair:4   | Reached XP level 13. HP: 105/130 MP: 18/18
 13767 | Lair:4   | Reached ***** piety under Qazlal
 13784 | Lair:3   | Reached skill level 9 in Shields
 13910 | Lair:4   | Reached skill level 9 in Fighting
 14408 | Lair:4   | Reached skill level 9 in Armour
 15175 | Lair:5   | Reached skill level 3 in Dodging
 15202 | Lair:5   | Reached skill level 10 in Invocations
 16630 | Lair:6   | Entered Level 6 of the Lair of Beasts
 16779 | Lair:6   | Reached skill level 4 in Dodging
 17009 | Lair:6   | Reached skill level 10 in Fighting
 17187 | Lair:6   | Reached XP level 14. HP: 116/143 MP: 20/20
 17582 | Lair:6   | Reached skill level 10 in Armour
 17751 | Lair:6   | Reached skill level 5 in Dodging
 19511 | Lair:6   | Reached skill level 11 in Invocations
 19617 | Lair:6   | Found a runed door.
 19620 | Lair:6   | Found a viscous altar of Jiyva.
 19621 | Lair:6   | Found a staircase to the Slime Pits.
 20191 | D:11     | Found Ulaje's Gadget Boutique.
 20346 | D:11     | Found Laturouts's Jewellery Boutique.
 20375 | D:11     | Found Kilisy Tiddo's General Store.
 20401 | D:11     | Reached skill level 11 in Unarmed Combat
 20458 | D:11     | Found a frozen archway.
 20476 | IceCv    | Entered an ice cave
 20959 | IceCv    | Reached skill level 6 in Dodging
 21130 | IceCv    | Noticed a frost giant
 21138 | IceCv    | Killed a frost giant
 21813 | Orc:1    | Entered Level 1 of the Orcish Mines
 21837 | Orc:1    | Reached XP level 15. HP: 152/152 MP: 22/22
 22031 | Orc:2    | Entered Level 2 of the Orcish Mines
 22122 | Orc:2    | Found a staircase to the Elven Halls.
 22392 | Orc:2    | HP: 29/152 [orc knight/bardiche (25)]
 22393 | Orc:2    | HP: 5/152 [orc knight/great sword (25)]
 22398 | Orc:2    | Slain by an orc knight

Vault maps used:
D:1:      matt_arrival_refuge, minmay_hexomino_c4
D:2:      nemelex_xobeh_ov_fountains_minmay, grunt_ministairs_9, uniq_natasha
D:3:      nicolae_qazlal_eye_of_the_storm, nicolae_overflow_hidden_temple,
          lemuel_blue_sif_altar, minmay_vboxes, uniq_grinder, uniq_terence,
          uniq_jessica
D:5:      grunt_temple_overflow_open, temple_green, first_bread, uniq_eustachio
D:6:      old_standard_altar, lemuel_crystal_altar, fedhas_altar_4
D:7:      xom_shifter_show
D:8:      lemuel_coloured_pillars_altar, serial_shops, nicolae_shop_behind_doors
D:9:      nicolae_dithmenos_through_a_glass_darkly,
          grunt_lair_entry_orc_guard_hut
D:10:     orc_0_dummy, serial_shops, kennysheep_mini, minmay_crystal_room
D:11:     portal_ice_cave_demonic_guard, serial_shops, shop, shop_coins, shop
D:12:     serial_glass, glass_columns_a, glass_columns_b
Lair:1:   st_stairs_7, serial_bayou_pond_b, minmay_hedge_maze,
          hibernation_bobbens, grunt_megastairs_5, uniq_harold, uniq_grum,
          uniq_joseph
Lair:2:   minmay_snake_entry_guardpost_small, uniq_sonja
Lair:3:   minmay_swamp_entry_worms, grunt_forest_stairs_basic,
          beast_lair_carwin_6
Lair:4:   minmay_lair_venomous_thicket
Lair:5:   infiniplex_staircase_pool
Lair:6:   minmay_lair_end_frog_pond, slime_altar_2, st_stairs_13
Orc:2:    st_orc_elflike
IceCv:    ice_cave_caverns_03

Skill      XL: |  1  2  3  4  5  6  7  8  9 10 11 12 13 14 |
---------------+-------------------------------------------+-----
Unarmed Combat | 3 4 5 7 9 10 11 | 11.7
Invocations    | 2 4 6 7 9 10 11 | 11.4
Armour         | 2 4 5 7 8 9 10 | 10.5
Shields        | 3 5 6 7 8 9 |  9.0
Fighting       | 3 4 6 7 8 10 | 10.8
Dodging        | 4 6 |  6.2

Action                   |  1- 3 |  4- 6 |  7- 9 | 10-12 | 13-15 || total
-------------------------+-------+-------+-------+-------+-------++-------
Melee: Unarmed           |    89 |   209 |   319 |   758 |  1028 ||  2403
Invok: Upheaval          |       |       |     2 |     7 |    12 ||    21
       Disaster Area     |       |       |       |       |     1 ||     1
Evoke: Wand              |       |       |       |     1 |     1 ||     2
  Use: Scroll            |       |     7 |     4 |    12 |     1 ||    24
       Potion            |       |       |       |    10 |     4 ||    14
 Stab: Sleeping          |       |     1 |       |       |       ||     1
  Eat: Chunk             |    11 |    19 |    31 |    65 |    85 ||   211
Armor: Robe              |    41 |    57 |    67 |   114 |   118 ||   397
Dodge: Dodged            |    28 |    48 |    80 |   189 |   222 ||   567
       Deflected         |       |       |       |     2 |     2 ||     4
Block: Shield            |    45 |    70 |   121 |   608 |   923 ||  1767

Table legend:
 A = Spawn XP
 B = Non-spawn XP
 C = Spawn XP percentage of total XP
 D = Spawn monster count
 E = Non-spawn monster count
 F = Spawn count percentage of total count
 G = Total turns spent on level
                    A         B        C        D         E        F      G
               +---------+---------+-------+---------+---------+-------+---------
         Total |       0 |  106102 |   0.0 |       0 |     676 |   0.0 | 22398
               +---------+---------+-------+---------+---------+-------+---------
           D:1 |       0 |      46 |   0.0 |       0 |      25 |   0.0 |   573
           D:2 |       0 |     221 |   0.0 |       0 |      35 |   0.0 |   735
           D:3 |       0 |     382 |   0.0 |       0 |      28 |   0.0 |  1065
           D:4 |       0 |     600 |   0.0 |       0 |      21 |   0.0 |  1114
           D:5 |       0 |     671 |   0.0 |       0 |      22 |   0.0 |   578
           D:6 |       0 |     657 |   0.0 |       0 |      15 |   0.0 |  1033
           D:7 |       0 |    2661 |   0.0 |       0 |      31 |   0.0 |   885
           D:8 |       0 |    2656 |   0.0 |       0 |      33 |   0.0 |  1056
           D:9 |       0 |    2600 |   0.0 |       0 |      26 |   0.0 |  1445
          D:10 |       0 |    4643 |   0.0 |       0 |      38 |   0.0 |   856
          D:11 |       0 |    5798 |   0.0 |       0 |      45 |   0.0 |   878
          D:12 |       0 |     645 |   0.0 |       0 |       8 |   0.0 |    23
        Lair:1 |       0 |    7595 |   0.0 |       0 |      31 |   0.0 |  1314
        Lair:2 |       0 |    5523 |   0.0 |       0 |      40 |   0.0 |  1682
        Lair:3 |       0 |    9412 |   0.0 |       0 |      36 |   0.0 |  1648
        Lair:4 |       0 |   10958 |   0.0 |       0 |      49 |   0.0 |  1271
        Lair:5 |       0 |    5662 |   0.0 |       0 |      22 |   0.0 |  1669
        Lair:6 |       0 |   28791 |   0.0 |       0 |      99 |   0.0 |  3074
         Orc:1 |       0 |    1362 |   0.0 |       0 |      12 |   0.0 |   218
         Orc:2 |       0 |    2684 |   0.0 |       0 |      21 |   0.0 |   367
         IceCv |       0 |   12535 |   0.0 |       0 |      39 |   0.0 |   914
               +---------+---------+-------+---------+---------+-------+---------

Vault maps used:
D:1:      matt_arrival_refuge, minmay_hexomino_c4
D:2:      nemelex_xobeh_ov_fountains_minmay, grunt_ministairs_9, uniq_natasha
D:3:      nicolae_qazlal_eye_of_the_storm, nicolae_overflow_hidden_temple,
          lemuel_blue_sif_altar, minmay_vboxes, uniq_grinder, uniq_terence,
          uniq_jessica
D:5:      grunt_temple_overflow_open, temple_green, first_bread, uniq_eustachio
D:6:      old_standard_altar, lemuel_crystal_altar, fedhas_altar_4
D:7:      xom_shifter_show
D:8:      lemuel_coloured_pillars_altar, serial_shops, nicolae_shop_behind_doors
D:9:      nicolae_dithmenos_through_a_glass_darkly,
          grunt_lair_entry_orc_guard_hut
D:10:     orc_0_dummy, serial_shops, kennysheep_mini, minmay_crystal_room
D:11:     portal_ice_cave_demonic_guard, serial_shops, shop, shop_coins, shop
D:12:     serial_glass, glass_columns_a, glass_columns_b
Lair:1:   st_stairs_7, serial_bayou_pond_b, minmay_hedge_maze,
          hibernation_bobbens, grunt_megastairs_5, uniq_harold, uniq_grum,
          uniq_joseph
Lair:2:   minmay_snake_entry_guardpost_small, uniq_sonja
Lair:3:   minmay_swamp_entry_worms, grunt_forest_stairs_basic,
          beast_lair_carwin_6
Lair:4:   minmay_lair_venomous_thicket
Lair:5:   infiniplex_staircase_pool
Lair:6:   minmay_lair_end_frog_pond, slime_altar_2, st_stairs_13
Orc:2:    st_orc_elflike
IceCv:    ice_cave_caverns_03

Table legend:
 A = Turns spent in this place as a percentage of turns spent in the entire game.
 B = Non-inter-level travel turns spent in this place as a percentage of non-inter-level travel turns spent in the entire game.
 C = Inter-level travel turns spent in this place as a percentage of turns spent in this place.
 D = Turns resting spent in this place as a percentage of non-inter-level travel turns spent in this place.
 E = Turns spent auto-exploring this place as a percentage of non-inter-level travel turns spent in this place.
 F = Non-inter-level travel turns spent in this place divided by the number of levels of this place that you've seen.
                   A       B       C       D       E      F
               +-------+-------+-------+-------+-------+----------------------
         Total | 100.0 | 100.0 |   3.1 |  30.7 |  48.9 | 1033.8
       Dungeon |  45.7 |  45.2 |   4.2 |  19.3 |  59.8 | 817.7
          Lair |  47.6 |  48.0 |   2.3 |  43.2 |  37.9 | 1735.5
  Orcish Mines |   2.6 |   2.6 |   2.6 |   7.2 |  67.7 | 285.0
      Ice Cave |   4.1 |   4.2 |   0.0 |  24.6 |  44.7 | 914.0
               +-------+-------+-------+-------+-------+----------------------

Table legend:
 A = Kills in this place as a percentage of kills in entire the game.
 B = Kills by you in this place as a percentage of kills by you in the entire game.
 C = Kills by friends in this place as a percentage of kills by friends in the entire game.
 D = Other kills in this place as a percentage of other kills in the entire game.
 E = Experience gained in this place as a percentage of experience gained in the entire game.
 F = Experience gained in this place divided by the number of levels of this place that you have seen.
                   A       B       C       D       E      F
               +-------+-------+-------+-------+-------+----------------------
         Total | 100.0 | 100.0 |   N/A | 100.0 | 100.0 | 5052.5
       Dungeon |  48.4 |  48.4 |   N/A |   0.0 |  20.3 | 1798.3
          Lair |  41.0 |  41.0 |   N/A |   0.0 |  64.0 | 11323.5
  Orcish Mines |   4.9 |   4.9 |   N/A |   0.0 |   3.8 | 2023.0
      Ice Cave |   5.8 |   5.6 |   N/A | 100.0 |  11.8 | 12535.0
               +-------+-------+-------+-------+-------+----------------------
